 Dungeon Crawl Stone Soup version 0.23.2-1-ga50397a (webtiles) character file.

Game seed: 14528252362337854954

91 troglodite the Grave Robber (level 4, 0/48 HPs)
             Began as a Demonspawn Necromancer on May 28, 2019.
             Succumbed to a worker ant's poison
             ... on level 2 of the Dungeon.
             The game lasted 00:08:02 (2338 turns).

troglodite the Grave Robber (DsNe)                  Turns: 2338, Time: 00:08:03

Health: 0/48       AC:  7    Str: 14    XL:     4   Next: 33%
Magic:  7/8        EV: 11    Int: 21    God:
Gold:   68         SH:  0    Dex: 14    Spells: 3/8 levels left

rFire    . . .     SeeInvis .   o - +0 dagger
rCold    . . .     Gourm    .   (no shield)
rNeg     . . .     Faith    .   m - +0 ring mail (curse)
rPois    .         Spirit   .   (no helmet)
rElec    .         Reflect  .   n - +0 cloak (curse)
rCorr    .         Harm     .   (no gloves)
MR       .....                  (no boots)
Stlth    ..........             (no amulet)
HPRegen  0.16/turn              (no ring)
MPRegen  0.11/turn              (no ring)

@: brilliant, berserking (expiring), lethally poisoned (0 -> -5), very quick
A: rugged brown scales 1, powered by death 1
a: no special abilities


You were on level 2 of the Dungeon.
You were not hungry.

You visited 1 branch of the dungeon, and saw 3 of its levels.

You collected 68 gold pieces.

Inventory:

Hand Weapons
 f - a +0 hunting sling
 o - a +0 dagger (weapon)
Missiles
 g - 11 stones (quivered)
 h - 24 sling bullets
Armour
 a - a +0 robe
 m - a cursed +0 ring mail (worn)
 n - a cursed +0 cloak (worn)
Scrolls
 b - 2 scrolls of random uselessness {unknown}
 d - a scroll of teleportation {unknown}
 e - a scroll of amnesia {unknown}
 i - a scroll of immolation {unknown}
 k - a scroll of identify {unknown}
 p - a scroll of enchant armour {unknown}
 q - a scroll of blinking {unknown}
Potions
 j - a potion of magic
Comestibles
 c - 5 rations


   Skills:
 * Level 1.0 Fighting
 + Level 0.2 Short Blades
 * Level 0.7 Slings
 + Level 0.1 Armour
 * Level 2.0 Dodging
 * Level 2.2 Stealth
 * Level 2.7 Spellcasting
 * Level 0.4 Charms
 * Level 5.0 Necromancy


You had 3 spell levels left.
You knew the following spells:

 Your Spells              Type           Power        Failure   Level  Hunger
a - Pain                  Necr           ####         1%          1    None
b - Regeneration          Chrm/Necr      ####......   3%          3    ###....
c - Animate Skeleton      Necr           N/A          1%          1    None

Your spell library contained the following spells:

 Spells                   Type           Power        Failure   Level  Hunger
 Vampiric Draining        Necr           #####.....   1%          3    ###....
 Animate Dead             Necr           N/A          4%          4    ####...


Dungeon Overview and Level Annotations

Branches:
Dungeon (3/15)

Altars:


Innate Abilities, Weirdness & Mutations

You are partially covered in rugged brown scales. (AC +1, +3% HP)
You regenerate a little health from kills.


Message History

You hit the worker ant.
The worker ant is heavily wounded.
The worker ant waves its antennae.
The worker ant closely misses you.
You hit the worker ant.
The worker ant is almost dead.
* * * LOW HITPOINT WARNING * * *
You feel sick.
You closely miss the worker ant.
The worker ant is almost dead.
* * * LOW HITPOINT WARNING * * *
You feel sick. The worker ant closely misses you.
You hit the worker ant.
You kill the worker ant!
Your Fighting skill increases to level 1!
You are too berserk!
* * * LOW HITPOINT WARNING * * *
You feel sick.
You feel a strong urge to attack something.
You die...

#.#####.............
#.......#.#......##.
#########.#.##.####.
#..............##.
#.#####.##........
#.#...#....#.#.##.
#.##...........##.
#.#.<..........###
#@##.#.#.#..#.)..#
###
#.#....).......#.#
#.# #.##.####..###.#
# ##.######.#...
.........
#.........####
#..### ##
##.######## ... #.#
.## ##.##### ######
#......# .....#


There were no monsters in sight!

Vanquished Creatures
  A worker ant (D:2)
  3 adders
  An ooze (D:1)
  A dart slug (D:1)
  A leopard gecko (D:1)
  An orc (D:2)
  2 bats
  2 giant cockroaches (D:1)
  5 goblins (D:1)
  5 hobgoblins
  A frilled lizard (D:2)
  8 kobolds
  2 rats (D:1)
33 creatures vanquished.

Notes
Turn   | Place    | Note
-------+----------+-------------------------------------------
     0 | D:1      | troglodite the Demonspawn Necromancer began the quest for
                  | the Orb.
     0 | D:1      | Reached XP level 1. HP: 13/13 MP: 3/3
   576 | D:1      | Gained mutation: You are partially covered in rugged brown
                  | scales. (AC +1, +3% HP) [demonic ancestry]
   576 | D:1      | Reached XP level 2. HP: 13/20 MP: 1/5
  1294 | D:1      | Gained mutation: You regenerate a little health from kills.
                  | [demonic ancestry]
  1294 | D:1      | Reached XP level 3. HP: 25/25 MP: 4/6
  1362 | D:1      | Learned a level 3 spell: Regeneration
  1364 | D:1      | Learned a level 1 spell: Animate Skeleton
  2174 | D:2      | You fall through a shaft!
  2304 | D:2      | Reached skill level 5 in Necromancy
  2304 | D:2      | Reached XP level 4. HP: 20/31 MP: 4/7
  2334 | D:2      | HP: 2/46 [poisoned by a worker ant]
  2335 | D:2      | Reached skill level 1 in Fighting
  2338 | D:2      | Succumbed to a worker ant's poison

Skill      XL: |  1  2  3  4 |
---------------+-------------+-----
Stealth        | 2 |  2.2
Dodging        | 2 |  2.0
Necromancy     | 5 |  5.0
Fighting       | 1 |  1.0
Short Blades   | |  0.2
Slings         | |  0.7
Armour         | |  0.1
Spellcasting   | |  2.7
Charms         | |  0.4

Action                   |  1- 3 |  4- 6 || total
-------------------------+-------+-------++-------
Melee: Unarmed           |     1 |       ||     1
       Dagger            |    52 |     7 ||    59
 Cast: Pain              |    58 |     1 ||    59
  Use: Potion            |       |     3 ||     3
  Eat: Chunk             |     5 |       ||     5
Armor: Robe              |     3 |       ||     3
       Ring mail         |    34 |     3 ||    37
Dodge: Dodged            |    50 |     8 ||    58
